3R
OGALLALA OCTOPI @ BALLARD BEAVERS
08/21/2042
 
TOP OF THE 1ST
Ogallala Octopi batting - Pitching for Ballard Beavers : LHP William Stevens
Pitching: LHP William Stevens
Batting: LHB Carlos Velardes 0-0: Ball
1-0: Ball
2-0: Foul Ball, location: 2F
2-1: Foul Ball, location: 2F
2-2: Ground out 5-3 (Groundball, 56, EV 100.6 MPH)
Batting: RHB Tetsuhiko Baba 0-0: Swinging Strike
0-1: SINGLE (Line Drive, 9LS, EV 106.9 MPH)
Batting: RHB Bill Uttley 0-0: Ball
1-0: Foul Ball, location: 2F
1-1: Ball
2-1: Swinging Strike
2-2: Reached on error, E5 (Groundball, 56, EV 81.9 MPH)
Tetsuhiko Baba to second
Batting: SHB Ramón Cervantes 0-0: Foul Ball, location: 2F
0-1: Ball
1-1: Ball
2-1: SINGLE (Line Drive, 7S, EV 95.6 MPH)
Tetsuhiko Baba to third
Bill Uttley to second
Batting: LHB Claudio Guzmán 0-0: Swinging Strike
0-1: Ground out 5-3 (Groundball, 56S, EV 70.0 MPH)
Tetsuhiko Baba scores
Bill Uttley to third
Ramón Cervantes to second
Batting: SHB Gianni Schaar 0-0: Called Strike
0-1: Ball
1-1: Foul Ball, location: 2F
1-2: Fly out, F8 (Flyball, 8LS, EV 80.0 MPH)
Top of the 1st over - 1 run, 2 hits, 1 error, 2 left on base; Ogallala 1 - Ballard 0
BOTTOM OF THE 1ST
Ballard Beavers batting - Pitching for Ogallala Octopi : LHP Michael Kilshaw
Pitching: LHP Michael Kilshaw
Batting: RHB Eli Johnson 0-0: Ground out U3 (Groundball, 34, EV 77.5 MPH)
Batting: RHB Kevin Neal 0-0: Foul Ball, location: 2F
0-1: Foul Ball, location: 2F
0-2: Ball
1-2: Ground out 6-3 (Groundball, 6, EV 86.2 MPH)
Batting: RHB John Reed 0-0: Called Strike
0-1: DOUBLE (Flyball, 78D, EV 98.8 MPH)
Batting: RHB José López 0-0: Foul Ball, location: 2F
0-1: Ball
1-1: Called Strike
1-2: DOUBLE (Line Drive, 89D, EV 105.6 MPH)
John Reed scores
Batting: RHB Rich Joyner 0-0: Ball
1-0: Called Strike
1-1: Called Strike
1-2: Strikes out swinging, 2-3 out at first.
Bottom of the 1st over - 1 run, 2 hits, 0 errors, 1 left on base; Ogallala 1 - Ballard 1
TOP OF THE 2ND
Ogallala Octopi batting - Pitching for Ballard Beavers : LHP William Stevens
Batting: RHB Jack Lang 0-0: Called Strike
0-1: Called Strike
0-2: Ball
1-2: Ball
2-2: Ground out 1-3 (Groundball, 13, EV 76.2 MPH)
Batting: RHB Roberto Flores 0-0: Ground out 1-3 (Groundball, 25, EV 77.5 MPH)
Batting: RHB Ricardo Pérez 0-0: Called Strike
0-1: Ball
1-1: Ball
2-1: Foul Ball, location: 2F
2-2: Foul Ball, location: 2F
2-2: Fly out, F9 (Flyball, 9, EV 83.8 MPH)
Top of the 2nd over - 0 runs, 0 hits, 0 errors, 0 left on base; Ogallala 1 - Ballard 1
BOTTOM OF THE 2ND
Ballard Beavers batting - Pitching for Ogallala Octopi : LHP Michael Kilshaw
Batting: RHB José Romero 0-0: Foul Ball, location: 2F
0-1: Ball
1-1: Ball
2-1: Swinging Strike
2-2: Reached on error, E6 (Groundball, 56, EV 105.6 MPH)
Batting: LHB Bill Bass 0-0: Ball
1-0: Ball
2-0: Called Strike
2-1: Swinging Strike
2-2: Ball
3-2: Ground out 4-3 (Groundball, 34D, EV 104.4 MPH)
José Romero to second
Batting: RHB Jim McDermott 0-0: Ball
1-0: Foul Ball, location: 2F
1-1: Ground out 5-3 (Groundball, 56S, EV 72.5 MPH)
José Romero to third
Batting: LHB Shane Holman 0-0: Called Strike
0-1: Ground out 3-1 (Groundball, 34, EV 115.6 MPH)
Bottom of the 2nd over - 0 runs, 0 hits, 1 error, 1 left on base; Ogallala 1 - Ballard 1
TOP OF THE 3RD
Ogallala Octopi batting - Pitching for Ballard Beavers : LHP William Stevens
Batting: LHB Carlos Velardes 0-0: Called Strike
0-1: Foul Ball, location: 2F
0-2: Foul Ball, location: 2F
0-2: Ball
1-2: Ball
2-2: SINGLE (Groundball, 56S, EV 73.1 MPH) (infield hit)
Batting: RHB Tetsuhiko Baba 0-0: Ball
1-0: Called Strike
1-1: Ball
2-1: Ball
3-1: Foul Ball, location: 2F
3-2: Strikes out swinging
Batting: RHB Bill Uttley 0-0: Ball
1-0: Called Strike
Carlos Velardes steals 2nd base
1-1: Called Strike
1-2: Foul Ball, location: 2F
1-2: Fly out, F7 (Flyball, 7, EV 83.1 MPH)
Batting: SHB Ramón Cervantes 0-0: Swinging Strike
0-1: Called Strike
0-2: Ball
1-2: Ground out 4-3 (Groundball, 4, EV 82.5 MPH)
Top of the 3rd over - 0 runs, 1 hit, 0 errors, 1 left on base; Ogallala 1 - Ballard 1
BOTTOM OF THE 3RD
Ballard Beavers batting - Pitching for Ogallala Octopi : LHP Michael Kilshaw
Batting: RHB Eli Johnson 0-0: Ball
1-0: Swinging Strike
1-1: Ball
2-1: SINGLE (Line Drive, 8LS, EV 106.9 MPH)
Batting: RHB Kevin Neal 0-0: Ball
1-0: Fly out, F8 (Flyball, 8RM, EV 98.8 MPH)
Batting: RHB John Reed 0-0: Ball
1-0: Fly out, F8 (Flyball, 8RM, EV 93.8 MPH)
Batting: RHB José López 0-0: Called Strike
0-1: Ball
1-1: Ball
2-1: Foul Ball, location: 2F
2-2: DOUBLE (Flyball, 78D, EV 103.8 MPH)
Eli Johnson to third
Eli Johnson scores
Batting: RHB Rich Joyner 0-0: Called Strike
0-1: Swinging Strike
0-2: Ball
1-2: Strikes out swinging
Bottom of the 3rd over - 1 run, 2 hits, 0 errors, 1 left on base; Ogallala 1 - Ballard 2
TOP OF THE 4TH
Ogallala Octopi batting - Pitching for Ballard Beavers : LHP William Stevens
Batting: LHB Claudio Guzmán 0-0: Swinging Strike
0-1: Foul Ball, location: 2F
0-2: Ball
1-2: Ball
2-2: Foul Ball, location: 2F
2-2: Strikes out looking
Batting: SHB Gianni Schaar 0-0: Fly out, F9 (Flyball, 9, EV 83.8 MPH)
Batting: RHB Jack Lang 0-0: Swinging Strike
0-1: Ball
1-1: Ball
2-1: Fly out, F7 (Flyball, 78S, EV 82.5 MPH)
Top of the 4th over - 0 runs, 0 hits, 0 errors, 0 left on base; Ogallala 1 - Ballard 2
BOTTOM OF THE 4TH
Ballard Beavers batting - Pitching for Ogallala Octopi : LHP Michael Kilshaw
Batting: RHB José Romero 0-0: Ball
1-0: TRIPLE (Flyball, 78XD, EV 94.4 MPH)
Batting: LHB Bill Bass 0-0: Called Strike
0-1: Foul Ball, location: 2F
0-2: SINGLE (Line Drive, 6MD, EV 98.1 MPH)
José Romero scores
Batting: RHB Jim McDermott 0-0: Fielders Choice at 2nd, 5-4 (Groundball, 56, EV 86.2 MPH)
Batting: LHB Shane Holman 0-0: Ball
1-0: SINGLE (Groundball, 4D, EV 101.2 MPH)
Jim McDermott to second
Runner from 2nd tries for 3rd, SAFE, throw by CF made to third
Batting: RHB Eli Johnson 0-0: Called Strike
Shane Holman is caught stealing 2nd base 2-4
0-1: Ball
1-1: Ball
2-1: Ground out 1-3 (Groundball, 25, EV 70.0 MPH)
Bottom of the 4th over - 1 run, 3 hits, 0 errors, 1 left on base; Ogallala 1 - Ballard 3
TOP OF THE 5TH
Ogallala Octopi batting - Pitching for Ballard Beavers : LHP William Stevens
Batting: RHB Roberto Flores 0-0: Ball
1-0: Ball
2-0: Swinging Strike
2-1: Ground out 5-3 (Groundball, 5L, EV 83.8 MPH)
Batting: RHB Ricardo Pérez 0-0: Called Strike
0-1: Ball
1-1: Foul Ball, location: 2F
1-2: Foul Ball, location: 2F
1-2: Ball
2-2: Foul Ball, location: 2F
2-2: Ground out 1-3 (Groundball, 13S, EV 66.9 MPH)
Batting: LHB Carlos Velardes 0-0: Swinging Strike
0-1: Ball
1-1: Foul Ball, location: 2F
1-2: Foul Ball, location: 2F
1-2: Strikes out swinging
Top of the 5th over - 0 runs, 0 hits, 0 errors, 0 left on base; Ogallala 1 - Ballard 3
BOTTOM OF THE 5TH
Ballard Beavers batting - Pitching for Ogallala Octopi : LHP Michael Kilshaw
Batting: RHB Kevin Neal 0-0: Ball
1-0: Ball
2-0: Ball
3-0: Called Strike
3-1: Base on Balls
Batting: RHB John Reed 0-0: Fly out, F9 (Flyball, 9S, EV 79.4 MPH)
Batting: RHB José López 0-0: Called Strike
0-1: Ball
1-1: Foul Ball, location: 2F
1-2: Strikes out looking
Batting: RHB Rich Joyner 0-0: Ball
1-0: Swinging Strike
1-1: Ball
2-1: Foul Ball, location: 2F
2-2: Foul Ball, location: 2F
2-2: Fly out, F4 (Line Drive, 4, EV 63.8 MPH)
Bottom of the 5th over - 0 runs, 0 hits, 0 errors, 1 left on base; Ogallala 1 - Ballard 3
TOP OF THE 6TH
Ogallala Octopi batting - Pitching for Ballard Beavers : LHP William Stevens
Batting: RHB Tetsuhiko Baba 0-0: Ball
1-0: Ball
2-0: Called Strike
2-1: Ball
3-1: Base on Balls
Batting: RHB Bill Uttley 0-0: Ball
1-0: Called Strike
1-1: Called Strike
1-2: Foul Ball, location: 2F
1-2: Strikes out looking
Pitching: RHP Bernd Elders
Batting: SHB Ramón Cervantes 0-0: Hit by Pitch
Tetsuhiko Baba to second
Batting: LHB Claudio Guzmán 0-0: DOUBLE (Line Drive, 7LM, EV 111.9 MPH)
Tetsuhiko Baba scores
Ramón Cervantes to third
Batting: SHB Gianni Schaar 0-0: Ball
Wild Pitch!
Ramón Cervantes scores
Claudio Guzmán to third
1-0: Swinging Strike
1-1: Ball
2-1: Foul Ball, location: 2F
2-2: Ball
3-2: Fly out, F9 (Flyball, 9LSF, EV 85.0 MPH)
Runner from 3rd tags up, SCORES, no throw by RF
Batting: RHB Jack Lang 0-0: Foul Ball, location: 2F
0-1: Swinging Strike
0-2: Ball
1-2: Foul Ball, location: 2F
1-2: Ball
2-2: Strikes out looking
Top of the 6th over - 3 runs, 1 hit, 0 errors, 0 left on base; Ogallala 4 - Ballard 3
BOTTOM OF THE 6TH
Ballard Beavers batting - Pitching for Ogallala Octopi : LHP Michael Kilshaw
Batting: RHB José Romero 0-0: Ball
1-0: Called Strike
1-1: Foul Ball, location: 2F
1-2: Foul Ball, location: 2F
1-2: Reached on error, E5 (Groundball, 56D, EV 76.2 MPH)
Batting: LHB Bill Bass 0-0: Ball
1-0: Ball
2-0: Ball
3-0: Called Strike
3-1: Base on Balls
Batting: RHB Jim McDermott 0-0: Foul Ball, location: 2F
0-1: Fly out, F9 (Line Drive, 9, EV 90.0 MPH)
Batting: LHB Shane Holman 0-0: Called Strike
0-1: Single, Error in OF, E8, batter to second base (Groundball, 4MD, EV 110.0 MPH)
José Romero scores
Bill Bass to third
Batting: RHB Eli Johnson 0-0: Ball
1-0: 3-RUN HOME RUN (Flyball, 7D, EV 100.6 MPH), Distance : 383 ft
Pitching: RHP Carlos Piñeiro
Batting: RHB Kevin Neal 0-0: Fly out, F4 (Flyball, 4D, EV 87.5 MPH)
Batting: RHB John Reed 0-0: Called Strike
0-1: Ball
1-1: Swinging Strike
1-2: Foul Ball, location: 2F
1-2: Strikes out swinging
Bottom of the 6th over - 4 runs, 2 hits, 2 errors, 0 left on base; Ogallala 4 - Ballard 7
TOP OF THE 7TH
Ogallala Octopi batting - Pitching for Ballard Beavers : RHP Bernd Elders
Batting: RHB Roberto Flores 0-0: Ball
1-0: Ball
2-0: Ball
3-0: Base on Balls
Batting: RHB Ricardo Pérez 0-0: Called Strike
0-1: Swinging Strike
0-2: Ball
1-2: Ball
2-2: DOUBLE (Flyball, 8RD, EV 100.6 MPH)
Roberto Flores to third
Pitching: LHP Gastão Fontana
Batting: LHB Carlos Velardes 0-0: Foul Ball, location: 2F
0-1: Ball
1-1: SINGLE (Line Drive, 8LS, EV 105.0 MPH)
Roberto Flores scores
Ricardo Pérez to third
Batting: RHB Tetsuhiko Baba 0-0: Swinging Strike
0-1: Ball
1-1: Ball
2-1: Foul Ball, location: 2F
2-2: Foul Ball, location: 2F
2-2: Ball
3-2: Fly out, F7 (Flyball, 7LSF, EV 76.9 MPH)
Batting: RHB Bill Uttley 0-0: Ball
1-0: Fly out, F8 (Flyball, 8RD, EV 102.5 MPH)
Runner from 3rd tags up, SCORES, throw by CF
Batting: SHB Ramón Cervantes 0-0: Ball
Pickoff Throw to First - Error! E1
Carlos Velardes to second
1-0: Foul Ball, location: 2F
1-1: Ground out 3-1 (Groundball, 34, EV 83.1 MPH)
Top of the 7th over - 2 runs, 2 hits, 1 error, 1 left on base; Ogallala 6 - Ballard 7
BOTTOM OF THE 7TH
Ballard Beavers batting - Pitching for Ogallala Octopi : RHP Carlos Piñeiro
Batting: RHB José López 0-0: Ground out 6-3 (Groundball, 6, EV 102.5 MPH)
Batting: RHB Rich Joyner 0-0: Swinging Strike
0-1: Ball
1-1: Ball
2-1: Foul Ball, location: 2F
2-2: Fly out, F8 (Flyball, 8RD, EV 90.0 MPH)
Batting: RHB José Romero 0-0: Called Strike
0-1: Foul Ball, location: 2F
0-2: Ball
1-2: Ball
2-2: Strikes out swinging
Bottom of the 7th over - 0 runs, 0 hits, 0 errors, 0 left on base; Ogallala 6 - Ballard 7
TOP OF THE 8TH
Ogallala Octopi batting - Pitching for Ballard Beavers : LHP Gastão Fontana
Batting: LHB Claudio Guzmán 0-0: Called Strike
0-1: Ball
1-1: Fly out, F6 (Popup, 6S, EV 61.9 MPH)
Batting: SHB Gianni Schaar 0-0: Foul Ball, location: 2F
0-1: Called Strike
0-2: Ball
1-2: Foul Ball, location: 2F
1-2: Ball
2-2: Foul Ball, location: 2F
2-2: SINGLE (Line Drive, 6MD, EV 106.2 MPH)
Pitching: RHP Darryl Bailey
Pinch Hitting: SHB Lyonya Wanyushin 0-0: Foul Ball, location: 2F
0-1: Foul Ball, location: 2F
0-2: Ball
1-2: Strikes out swinging
Batting: RHB Roberto Flores 0-0: Hit by Pitch
Gianni Schaar to second
Pinch Hitting: RHB Jim Wood 0-0: Ball
1-0: Ball
2-0: Called Strike
2-1: Ball
3-1: Called Strike
3-2: Base on Balls
Gianni Schaar to third
Roberto Flores to second
Batting: LHB Carlos Velardes 0-0: Called Strike
0-1: SINGLE (Line Drive, 6M, EV 96.9 MPH)
Gianni Schaar scores
Roberto Flores to third
Jim Wood to second
Runner from 3rd tries for Home, SAFE, throw by CF to home
Batting: RHB Tetsuhiko Baba 0-0: Called Strike
0-1: Called Strike
0-2: Strikes out swinging
Top of the 8th over - 2 runs, 2 hits, 0 errors, 2 left on base; Ogallala 8 - Ballard 7
BOTTOM OF THE 8TH
Ballard Beavers batting - Pitching for Ogallala Octopi : RHP Carlos Piñeiro
Now at C: Gabriel Ruíz
Now in LF: Seth Porter
Batting: LHB Bill Bass 0-0: Ball
1-0: Ball
2-0: Ball
3-0: Called Strike
3-1: Base on Balls
Pitching: RHP Otis Knapp
Batting: RHB Jim McDermott 0-0: Sac Bunt to 23 - play at first, batter OUT! 3-4
Bill Bass to second
Batting: LHB Shane Holman 0-0: Called Strike
0-1: Fly out, F7 (Flyball, 7LSF, EV 92.5 MPH)
Batting: RHB Eli Johnson 0-0: Called Strike
0-1: Ball
1-1: Foul Ball, location: 2F
1-2: Foul Ball, location: 2F
1-2: Strikes out swinging
Bottom of the 8th over - 0 runs, 0 hits, 0 errors, 1 left on base; Ogallala 8 - Ballard 7
TOP OF THE 9TH
Ogallala Octopi batting - Pitching for Ballard Beavers : RHP Darryl Bailey
Pitching: LHP Andy Dundee
Batting: RHB Bill Uttley 0-0: DOUBLE (Flyball, 8RXD, EV 101.9 MPH)
Batting: SHB Ramón Cervantes 0-0: Intentional Walk
Batting: LHB Claudio Guzmán 0-0: Ball
1-0: DOUBLE (Groundball, 5L, EV 97.5 MPH)
Bill Uttley scores
Ramón Cervantes to third
Batting: SHB Gianni Schaar 0-0: Ball
1-0: Called Strike
1-1: Fly out, F8 (Flyball, 8RM, EV 93.1 MPH)
Runner from 3rd tags up, SCORES, throw by CF
Batting: RHB Seth Porter 0-0: Intentional Walk
Batting: RHB Roberto Flores 0-0: Ball
1-0: Ball
2-0: Foul Ball, location: 2F
2-1: Foul Ball, location: 2F
2-2: Ball
3-2: Base on Balls
Claudio Guzmán to third
Seth Porter to second
Batting: SHB Gabriel Ruíz 0-0: Ball
1-0: Called Strike
1-1: Grounds into fielders choice 5-2 (Groundball, 56S, EV 82.5 MPH)
Seth Porter to third
Roberto Flores to second
Batting: LHB Carlos Velardes 0-0: Called Strike
0-1: Ball
1-1: Foul Ball, location: 2F
1-2: Foul Ball, location: 2F
1-2: Ball
2-2: SINGLE (Line Drive, 4MD, EV 108.8 MPH)
Seth Porter scores
Roberto Flores to third
Gabriel Ruíz to second
Runner from 3rd tries for Home, SAFE, throw by CF to home
Batting: RHB Tetsuhiko Baba 0-0: Swinging Strike
0-1: Ball
1-1: Called Strike
1-2: Fly out, F8 (Flyball, 78M, EV 88.1 MPH)
Top of the 9th over - 4 runs, 3 hits, 0 errors, 2 left on base; Ogallala 12 - Ballard 7
BOTTOM OF THE 9TH
Ballard Beavers batting - Pitching for Ogallala Octopi : RHP Otis Knapp
Batting: RHB Kevin Neal 0-0: Foul Ball, location: 2F
0-1: Swinging Strike
0-2: Ball
1-2: Ball
2-2: Strikes out swinging
Batting: RHB John Reed 0-0: Ball
1-0: Swinging Strike
1-1: Foul Ball, location: 2F
1-2: Foul Ball, location: 2F
1-2: Ball
2-2: Strikes out looking
Batting: RHB José López 0-0: Called Strike
0-1: Swinging Strike
0-2: Fly out, F3 (Popup, 3SF, EV 76.2 MPH)
Bottom of the 9th over - 0 runs, 0 hits, 0 errors, 0 left on base; Ogallala 12 - Ballard 7
Friday, March 26th, 2021 - OOTP Baseball 20.8 Build 74